 Dungeon Crawl Stone Soup version 0.28-a0-925-gd5e1996cdb (webtiles) character file.

Game seed: 7093594833206259324

100 MacCMillion the Skirmisher (level 4, -5/41 HPs)
             Began as a Hill Orc Fighter on Nov 26, 2021.
             Was an Initiate of Yredelemnul.
             Killed by divine providence
             ... invoked by an orc priest
              (9 damage)
             ... on level 4 of the Dungeon.
             The game lasted 00:07:58 (3400 turns).

MacCMillion the Skirmisher (Hill Orc Fighter)       Turns: 3400, Time: 00:07:59

Health: -5/41      AC:  9    Str: 19    XL:     4   Next: 74%
Magic:  4/4        EV:  9    Int:  8    God:    Yredelemnul [......]
Gold:   187        SH:  4    Dex: 10    Spells: 3/3 levels left

rFire   . . .      SeeInvis .   l - +3 mace
rCold   . . .      Faith    .   c - +0 buckler
rNeg    . . .      Spirit   .   b - +0 scale mail
rPois   .          Reflect  .   (no helmet)
rElec   .          Harm     .   (no cloak)
rCorr   .          Rampage  .   n - +1 pair of gloves
Will    .....                   (no boots)
Stlth   ..........              (no amulet)
HPRegen 0.13/turn               (no ring)
MPRegen 0.09/turn               (no ring)

@: no status effects
A: no striking features
a: Renounce Religion, Convert to Beogh


You were on level 4 of the Dungeon.
You worshipped Yredelemnul.
Yredelemnul was noncommittal.
You visited 2 branches of the dungeon, and saw 5 of its levels.

You collected 187 gold pieces.

Inventory:

Hand Weapons
 a - a +0 war axe
 l - a +3 mace (weapon)
Missiles
 p - 5 atropa-tipped darts (quivered)
 q - 2 boomerangs
 t - 22 bolts
Armour
 b - a +0 scale mail (worn)
 c - a +0 buckler (worn)
 i - a scarf of harm
 n - a +1 pair of gloves (worn)
Wands
 o - a wand of acid (9)
Scrolls
 g - a scroll of vulnerability {unknown}
 j - a scroll of acquirement {unknown}
 k - 2 scrolls of teleportation {unknown}
 r - a scroll of magic mapping {unknown}
 s - 3 scrolls of enchant armour {unknown}
 u - a scroll of enchant weapon {unknown}
Potions
 d - a potion of might
 e - a potion of attraction {unknown}
 f - 3 potions of curing {unknown}
 h - a potion of lignification {unknown}
 m - a potion of degeneration {unknown}


   Skills:
 + Level 4.7 Fighting
 - Level 3.2 Axes
 + Level 4.3 Armour
 - Level 4.0 Shields


You had 3 spell levels left.
You didn't know any spells.
Your spell library contained the following spells:

 Spells                   Type           Power      Damage    Failure   Level
 Animate Skeleton         Necr           0%         N/A       77%         1
 Pain                     Necr           0%         1d4       77%         1
 Ignite Poison            Fire/Tmut/Pois 0%         N/A       98%         3
 Mephitic Cloud           Conj/Pois/Air  0%         N/A       98%         3
 Vampiric Draining        Necr           0%         2d6       98%         3
 Freezing Cloud           Conj/Ice/Air   0%         6-21      100%        5


Dungeon Overview and Level Annotations

Branches:
Dungeon (4/15)             Temple (1/1) D:4

Altars:
Ashenzari
Cheibriados
Dithmenos
Elyvilon
Fedhas
Hepliaklqana
Kikubaaqudgha
Nemelex Xobeh
Qazlal
Ru
Vehumet
Wu Jian
Yredelemnul

Shops:
D:1 (*![!   D:3 (

Annotations:
D:2 1 runed translucent door, Crazy Yiuf
D:4 Pikel


Message History

There is an ancient bone altar of Kikubaaqudgha here.
There is a staircase back to the Dungeon here.
You climb upwards.
Welcome back to the Dungeon!
Level annotation: Pikel
There is a staircase to the Ecumenical Temple here.
An orc priest comes into view. It is wielding a +0 mace.
The orc priest shouts, "Beogh is our master!
Accept the truth or die!" (press Y on the ability menu to convert to Beogh)
The orc priest shouts!
You hear a shout!
An orc comes into view. It is wielding a +0 hand axe.
The orc shouts!
An orc comes into view. It is wielding a +0 dagger.
The orc shouts!
An orc priest comes into view.
It is wielding a +0 club and wearing a +0 leather armour of fire resistance.
Found 3 gold pieces.
The orc priest shouts!
The orc priest hits you with a +0 mace.
You barely miss the orc priest. The orc priest barely misses you.
You barely miss the orc priest. You block the orc's attack.
The orc priest hits you but does no damage.
You closely miss the orc priest. The orc hits you but does no damage.
The orc priest calls down the wrath of Beogh upon you.
Beogh smites you! The orc hits you but does no damage. x2
The orc priest hits you but does no damage.
You hit the orc priest but do no damage.
The orc hits you but does no damage. x2
The orc priest invokes the aid of Beogh against you.
Beogh smites you!
* * * LOW HITPOINT WARNING * * *
You completely miss the orc priest. The orc hits you with a +0 hand axe.
* * * LOW HITPOINT WARNING * * *
You block the orc priest's attack. The orc hits you but does no damage.
The orc priest misses you.
The orc priest calls down the wrath of Beogh upon you.
Pain shoots through your body!
* * * LOW HITPOINT WARNING * * *
The orc priest calls down the wrath of Beogh upon you.
Beogh smites you!
You die...
Your body rises from the dead as a mindless zombie.

##### ##.8.##
#.....##########+#
#8.>.8##.........##
#..................
##.8.#.....o.......
#.#.............##
#......ooo......#
##.....@..##....#
#####'#####....#
#.......#......
#.......# $....
#.......# ...##
#######.....##
#....###+######
#...............
#...............


You could see 2 orc priests and 2 orcs.

Vanquished Creatures
  A lemure (D:3)
  3 gnolls (D:3)
  2 adders (D:3)
  A dart slug (D:1)
  An orc (D:3)
  2 ball pythons
  3 bats (D:3)
  3 endoplasms
  A giant cockroach (D:1)
  5 goblins
  9 hobgoblins
  5 quokkas
  4 kobolds
  7 rats
47 creatures vanquished.

Vanquished Creatures (others)
  7 demonic plants (D:2)
  3 fungi (D:2)
  2 plants (D:2)
  3 withered plants (D:2)
15 creatures vanquished.

Grand Total: 62 creatures vanquished

Notes
Turn   | Place    | Note
-------+----------+-------------------------------------------
     0 | D:1      | MacCMillion the Hill Orc Fighter began the quest for the
                  | Orb.
     0 | D:1      | Reached XP level 1. HP: 19/19 MP: 1/1
   175 | D:1      | Reached XP level 2. HP: 20/27 MP: 2/2
   329 | D:1      | Found Tocye's Antique Armour Shop.
   333 | D:1      | Found Hyczum's Distillery.
   444 | D:1      | Found Nodghilol's Distillery.
   487 | D:1      | Found Waweomag's Weapon Shop.
   492 | D:1      | Found Gaiweap's General Store.
   661 | D:1      | Reached XP level 3. HP: 30/33 MP: 3/3
   845 | D:2      | Found a faded altar of an unknown god.
  1360 | D:2      | Found a runed translucent door.
  1361 | D:2      | Noticed Crazy Yiuf
  2086 | D:3      | Found Fefu's Weapon Shop.
  2114 | D:3      | Found a radiant altar of Vehumet.
  2618 | D:3      | Reached XP level 4. HP: 40/40 MP: 4/4
  3168 | D:4      | Noticed a lemure
  3168 | D:4      | Noticed a lemure
  3168 | D:4      | Noticed Pikel
  3168 | D:4      | Noticed a lemure
  3172 | D:4      | Noticed a lemure
  3183 | D:3      | Killed a lemure
  3300 | D:4      | Found a staircase to the Ecumenical Temple.
  3309 | Temple   | Entered the Ecumenical Temple
  3373 | Temple   | Became a worshipper of Yredelemnul the Dark
  3400 | D:4      | Killed from afar by an orc priest

Illustrated notes

Levels and vault maps discovered:
D:1:      sevenhm_arrival_forest_fort_small_5, layout_rooms, serial_shops,
          shop_statue, nicolae_diamond_shop, shop_coins, shop, shop
D:2:      layout_loops_ring, shapermc_ecumenical_altar_gd,
          uniq_crazy_yiuf_cottage
D:3:      layout_rooms, mainiacjoe_overflow_paths, serial_shops, shop,
          moated_statue, kennysheep_generic_room_15
D:4:      layout_gridville, xom_teletrap_fun,
          minmay_temple_entry_statues_pillars, uniq_pikel, uniq_menkaure
Temple:   nicolae_temple_x_marks_the_god

Skill      XL: |  1  2  3  4 |
---------------+-------------+-----
Axes           | 3 |  3.2
Fighting       | 4 |  4.7
Armour         | 4 |  4.3
Shields        | 4 |  4.0

Action                   |  1- 3 |  4- 6 || total
-------------------------+-------+-------++-------
Melee: War axe           |    66 |       ||    66
       Mace              |    52 |    39 ||    91
Armor: Scale mail        |    65 |    18 ||    83
Dodge: Dodged            |    49 |    19 ||    68
Block: Buckler           |    24 |     8 ||    32

Table legend: (Time is in decaauts)
 A = Elapsed time spent in this place.
 B = Non-inter-level travel time spent in this place.
 C = Inter-level travel time spent in this place.
 D = Time resting spent in this place.
 E = Time spent auto-exploring this place.
 F = Levels seen in this place.
 G = Mean time per level.
                   A        B        C        D        E       F      G
               +--------+--------+--------+--------+--------+-----+--------+
         Total |   3463 |   3254 |    209 |    581 |   2091 |   5 |  692.6 |
       Dungeon |   3388 |   3194 |    194 |    581 |   2047 |   4 |  847.0 |
        Temple |     74 |     59 |     15 |      0 |     44 |   1 |   74.0 |
               +--------+--------+--------+--------+--------+-----+--------+

Top non-repeatable levels by time:
     D:2: 1505 daAuts
     D:3: 955 daAuts
     D:1: 870 daAuts
  Temple: 74 daAuts
     D:4: 56 daAuts
